 Dungeon Crawl Stone Soup version 0.28.0-43-g3370ac3207 (webtiles) character file.

Game seed: 1526389917275055082

975 CryoSword the Conjurer (level 7, -2/56 HPs)
             Began as a Demigod Hedge Wizard on Mar 24, 2022.
             Slain by an ogre
             ... wielding a +0 giant club
              (27 damage)
             ... on level 5 of the Dungeon.
             The game lasted 00:09:07 (6127 turns).

CryoSword the Conjurer (Demigod Hedge Wizard)       Turns: 6127, Time: 00:09:08

Health: -2/56      AC:  3    Str: 15    XL:     7   Next: 63%
Magic:  13/14      EV: 12    Int: 20    God:
Gold:   258        SH:  0    Dex: 13    Spells: 2/11 levels left

rFire   . . .      SeeInvis .   f - +0 rapier (spect)
rCold   . . .      Faith    .   (no shield)
rNeg    . . .      Spirit   .   b - +0 robe
rPois   .          Reflect  .   c - +0 hat
rElec   .          Harm     .   j - scarf {shadows}
rCorr   .          Rampage  .   (no gloves)
Will    .....                   l - +0 pair of boots
Stlth   ++........              (no amulet)
HPRegen 0.18/turn               g - ring of wizardry
MPRegen 0.14/turn               (no ring)

@: no status effects
A: high MP 1, forlorn, divine attributes
a: no special abilities


You were on level 5 of the Dungeon.
You visited 1 branch of the dungeon, and saw 5 of its levels.

You collected 258 gold pieces.

Inventory:

Hand Weapons
 f - a +0 spectral rapier (weapon)
   (You found it on level 1 of the Dungeon)
Missiles
 o - 9 poisoned darts
Armour
 b - a +0 robe (worn)
 c - a +0 hat (worn)
 j - a scarf of shadows (worn)
   (You found it on level 1 of the Dungeon)
 l - a +0 pair of boots (worn)
   (You found it on level 2 of the Dungeon)
 n - a +0 kite shield
   (You found it on level 2 of the Dungeon)
Jewellery
 g - a ring of wizardry (left hand)
   (You found it on level 1 of the Dungeon)
 x - a +6 ring of dexterity
   (You found it on level 5 of the Dungeon)
Scrolls
 a - 6 scrolls of identify {@r1}
 k - a scroll of silence {unknown}
 p - a scroll of noise {unknown}
 r - a scroll of enchant weapon {unknown}
 s - a scroll of blinking
 t - a scroll of summoning {unknown}
 u - a scroll of immolation {unknown}
 v - a scroll of teleportation {unknown}
 w - a scroll of amnesia {unknown}
Potions
 d - a potion of heal wounds {unknown}
 e - 2 potions of curing {unknown}
 h - 2 potions of mutation {unknown}
 i - a potion of attraction {!q}
 m - a potion of haste {@q3}
 q - 2 potions of degeneration {unknown}


   Skills:
 + Level 2.8 Fighting
 * Level 4.1 Short Blades
 - Level 1.9 Dodging
 + Level 3.8 Stealth
 - Level 2.7 Spellcasting
 * Level 4.3 Conjurations
 + Level 3.1 Summonings
 - Level 1.0 Translocations


You had 2 spell levels left.
You knew the following spells:

 Your Spells              Type           Power      Damage    Failure   Level
a - Magic Dart            Conj           80%        1d7       1%          1
b - Call Imp              Summ           15%        N/A       2%          2
A - Apportation           Tloc           12%        N/A       4%          1
B - Blink                 Tloc           12%        N/A       6%          2
C - Mephitic Cloud        Conj/Pois/Air  8%         N/A       10%         3

Your spell library contained the following spells:

 Spells                   Type           Power      Damage    Failure   Level
 Summon Small Mammal      Summ           60%        N/A       1%          1
 Foxfire                  Conj/Fire      44%        2x1d6     2%          1
 Static Discharge         Conj/Air       11%        N/A       3%          2
 Animate Skeleton         Necr           4%         N/A       6%          1
 Slow                     Hex            8%         N/A       6%          1
 Conjure Flame            Conj/Fire      11%        6-21      8%          3
 Inner Flame              Hex/Fire       2%         N/A       17%         3
 Flame Wave               Conj/Fire      11%        2d5       24%         4
 Sticky Flame             Conj/Fire      11%        2d3       24%         4
 Dispel Undead            Necr           2%         3d7       47%         4


Dungeon Overview and Level Annotations

Branches:
Dungeon (5/15)             Temple (0/1) D:5


Innate Abilities, Weirdness & Mutations

You have an increased reservoir of magic. (+10% MP)
You shall have no god before yourself.
Your divine heritage dramatically boosts your attributes as you level up.


Message History

No target in view!
You now have 219 gold pieces (gained 15).
You now have 238 gold pieces (gained 19).
You see here a +0 plate armour.
You see here a +0 plate armour.
You see here a +0 falchion.
Things that are here:
a +1 leather armour of fire resistance; a +0 whip You now have 247 gold pieces (gained 9).
An ogre is nearby!
An ogre is nearby!
An ogre is nearby!
A beastly little devil appears in a puff of flame.
The ogre shouts!
The ogre closely misses you.
You barely miss the ogre.
Your +0 spectral rapier hits the ogre.
The ogre misses you.
Your crimson imp blinks!
You puncture the ogre!
Your +0 spectral rapier hits the ogre.
The ogre barely misses you.
You hit the ogre.
Your +0 spectral rapier closely misses the ogre.
You hit the ogre.
Your +0 spectral rapier hits the ogre.
The ogre barely misses you.
You barely miss the ogre.
Your +0 spectral rapier hits the ogre!
You kill the ogre!
Your Conjurations skill increases to level 4!
No target in view!
An orc is nearby!
An orc is nearby!
An orc is nearby!
You swap places.
You hit the orc.
Your +0 spectral rapier hits the orc.
You kill the orc!
No target in view!
No target in view!
Things that are here:
a +0 flail; a +0 leather armour
Things that are here:
a +0 giant club; an ogre corpse
Things that are here:
a +0 flail; a +0 leather armour Your crimson imp disappears in a puff of smoke!
There is a sparkling altar of Nemelex Xobeh here.
You now have 258 gold pieces (gained 11).
Found 25 stones.
You see here 25 stones.
Found a stone staircase leading down.
Found a stone staircase leading down.
Found 22 stones.
An iguana comes into view.
An iguana is nearby!
An iguana is nearby!
An iguana is nearby!
The iguana hisses angrily.
The iguana bites you!
You hit the iguana.
Your +0 spectral rapier hits the iguana!
The iguana bites you.
You are too injured to fight recklessly!
You are too injured to fight recklessly!
A beastly little devil appears in a puff of flame.
The iguana closely misses you.
You are too injured to fight recklessly!
You are too injured to fight recklessly!
You are too injured to fight recklessly!
You are too injured to fight recklessly!
You hit the iguana but do no damage.
Your +0 spectral rapier closely misses the iguana.
The iguana bites you!
Your crimson imp barely misses the iguana.
You hit the iguana.
Your +0 spectral rapier hits the iguana.
You kill the iguana!
Your crimson imp disappears in a puff of smoke!
Found a quarterstaff.
You see here a +0 quarterstaff.
A water moccasin comes into view.
A water moccasin is nearby!
A water moccasin is nearby!
A water moccasin is nearby!
There is a fountain of clear blue water here.
Found a staircase to the Ecumenical Temple.
The helpless water moccasin fails to defend itself.
You impale the water moccasin!!
Your +0 spectral rapier hits the water moccasin.
The water moccasin bites you.
You are poisoned.
The water moccasin poisons you! The water moccasin bites you!
You closely miss the water moccasin.
Your +0 spectral rapier barely misses the water moccasin.
You feel very sick. The water moccasin closely misses you.
You are too injured to fight recklessly!
You are too injured to fight recklessly!
You are too injured to fight recklessly!
A beastly little devil appears in a puff of flame.
You feel sick. The water moccasin bites you.
You hit the water moccasin.
Your +0 spectral rapier barely misses the water moccasin.
You feel sick. The water moccasin bites you.
You are more poisoned.
The water moccasin poisons you!
The water moccasin bites you but does no damage.
Your crimson imp closely misses the water moccasin.
You puncture the water moccasin!
You kill the water moccasin!
You feel very sick.
Your Short Blades skill increases to level 4!
Your Summonings skill increases to level 3!
You start resting.
You feel very sick. x2
You feel sick. x8
You are no longer poisoned.
You start resting.
You start resting.
Your crimson imp disappears in a puff of smoke!
A howler monkey comes into view.
Found a dagger.
A howler monkey is nearby!
A howler monkey is nearby!
A howler monkey is nearby!
Found a dagger.
Found a robe.
There is a fountain of clear blue water here.
The helpless howler monkey fails to defend itself.
You impale the howler monkey!!
You kill the howler monkey!
No target in view!
You see here a +0 dagger.
You see here a +0 dagger.
An ogre comes into view. It is wielding a +0 giant club.
The ogre shouts!
An ogre is nearby!
An ogre is nearby!
The ogre hits you with a +0 giant club!
You hit the ogre.
Your +0 spectral rapier hits the ogre!
You barely miss the ogre.
Your +0 spectral rapier hits the ogre!
The ogre hits you with a +0 giant club!!
* * * LOW HITPOINT WARNING * * *
You are too injured to fight recklessly!
There is a fountain of clear blue water here.
You see here a water moccasin skeleton.
There is a fountain of clear blue water here.
A beastly little devil appears in a puff of flame.
The ogre barely misses you.
Your crimson imp blinks!
Your crimson imp blinks!
The ogre hits you with a +0 giant club!!
You die...

#.PP.PPP.## ...#.........P ####
##..P..PP..# ### ##.#......P
...# #.......PP.# #....#..#P
.⌠.# #.....P....# #####.#####
...# #.._.PP.(P.# #.....###
#.## #....PP..P.# #.#####.#
...# #.#.P...PP.# #.# #.# .⌠.#
#.#.PP..P..#######.#####.#
...###.#....PP5O@............)#
####............###############
...#.##.........#
.⌠...############ ...### ####


You could see an ogre (ally target) and a friendly crimson imp (summoned).

Vanquished Creatures
  A water moccasin (D:5)
  An ogre (D:5)
  A phantom (D:4)
  2 scorpions (D:5)
  2 howler monkeys (D:5)
  A bullfrog zombie (D:5)
  2 hounds (D:5)
  A centaur skeleton (D:5)
  An iguana (D:5)
  A scorpion zombie (D:5)
  9 adders
  A gnoll (D:3)
  An ufetubus (D:5)
  A worm (D:3)
  5 dart slugs
  5 orcs
  8 ball pythons
  7 endoplasms
  4 giant cockroaches
  4 goblins
  6 hobgoblins
  A quokka (D:2)
  4 bats
  2 frilled lizards
  3 kobolds
  4 rats
78 creatures vanquished.

Vanquished Creatures (collateral kills)
  Sigmund (D:2)
  An orc (D:5)
2 creatures vanquished.

Vanquished Creatures (others)
  28 fungi (D:5)
28 creatures vanquished.

Grand Total: 108 creatures vanquished

Notes
Turn   | Place    | Note
-------+----------+-------------------------------------------
     0 | D:1      | CryoSword the Demigod Hedge Wizard began the quest for the
                  | Orb.
     0 | D:1      | Reached XP level 1. HP: 14/14 MP: 6/6
   205 | D:1      | Reached skill level 1 in Translocations
   257 | D:1      | Reached skill level 1 in Conjurations
   257 | D:1      | Reached skill level 1 in Summonings
   666 | D:1      | Reached XP level 2. HP: 20/20 MP: 6/8
  1519 | D:2      | Learned a level 2 spell: Call Imp
  1576 | D:2      | Reached XP level 3. HP: 21/27 MP: 1/9
  1723 | D:2      | Reached skill level 1 in Short Blades
  2177 | D:2      | Reached skill level 1 in Fighting
  2348 | D:2      | Reached XP level 4. HP: 31/35 MP: 10/10
  2583 | D:2      | Noticed Sigmund
  2601 | D:2      | Killed Sigmund
  2602 | D:2      | Reached XP level 5. HP: 19/41 MP: 9/11
  3920 | D:3      | You fall into a shaft and drop 2 floors!
  3920 | D:5      | Entered Level 5 of the Dungeon
  3934 | D:5      | Reached XP level 6. HP: 45/48 MP: 13/13
  3952 | D:5      | Learned a level 1 spell: Apportation
  3955 | D:5      | Learned a level 2 spell: Blink
  3959 | D:5      | Learned a level 3 spell: Mephitic Cloud
  4544 | D:4      | Reached XP level 7. HP: 56/56 MP: 14/14
  5827 | D:5      | Found a staircase to the Ecumenical Temple.
  6127 | D:5      | Slain by an ogre

Illustrated notes

Levels and vault maps discovered:
D:1:      dpeg_arrival_erosion, layout_basic, chequers_serial_rivers_small_a,
          corexii_leaking_fountain
D:2:      layout_basic, shapermc_ecumenical_altar_venn, minmay_small_reverse_x,
          uniq_sigmund
D:3:      layout_loops_ring, grunt_temple_overflow_open, st_stairs_3,
          roderic_serpentine_path
D:4:      layout_loops_corners, kennysheep_mini
D:5:      layout_basic, mainiacjoe_overflow_catch_the_wave,
          overflow_temple_1_default, minmay_temple_entry_nine_rooms,
          ebering_ghost_sewer_d, minmay_circle_x, uniq_crazy_yiuf_cottage

Skill      XL: |  1  2  3  4  5  6  7 |
---------------+----------------------+-----
Translocations | 1 |  1.0
Conjurations   | 1 2 3 4 |  4.3
Summonings     | 1 2 3 |  3.1
Stealth        | 2 3 |  3.8
Short Blades   | 1 2 3 4 |  4.1
Fighting       | 1 2 |  2.8
Dodging        | |  1.9
Spellcasting   | |  2.7

Action                   |  1- 3 |  4- 6 |  7- 9 || total
-------------------------+-------+-------+-------++-------
Melee: Dagger            |     3 |       |       ||     3
       Rapier            |    37 |    82 |    33 ||   152
       Punch             |     1 |     1 |       ||     2
 Cast: Magic Dart        |    60 |    11 |       ||    71
       Call Imp          |       |     3 |     5 ||     8
  Use: Scroll            |     3 |     1 |       ||     4
       Potion            |       |     1 |       ||     1
 Stab: Sleeping          |     1 |     5 |     2 ||     8
       Distracted        |     1 |       |     1 ||     2
Armor: Robe              |    10 |     8 |     3 ||    21
Dodge: Dodged            |    47 |    43 |    16 ||   106
